 Dungeon Crawl Stone Soup version 0.17.1-3-g152610e (webtiles) character file.

60 moxian the Digger (level 4, -3/27 HPs)
             Began as an Octopode Earth Elementalist on Apr 30, 2016.
             Killed from afar by Natasha (10 damage)
             ... with a magic dart
             ... on level 2 of the Dungeon.
             The game lasted 00:05:06 (1312 turns).

moxian the Digger (Octopode Earth Elementalist)     Turns: 1312, Time: 00:05:06

Health: -3/27      AC:  1    Str:  7    XL:     4   Next: 4%
Magic:  4/7        EV: 12    Int: 18    God:
Gold:   120        SH:  0    Dex: 12    Spells: 3 memorised, 2 levels left

rFire  . . .     SeeInvis .     a - 66 stones
rCold  . . .     Clarity  .     (no shield)
rNeg   . . .     SustAt   .     (helmet restricted)
rPois  .         Gourm    .     (no amulet)
rElec  .         Spirit   .     (no ring)
rCorr  .         Warding  .     (no ring)
rMut   .         Stasis   .     (no ring)
MR     .....                    (no ring)
Stlth  +++.......               (no ring)
                                (no ring)
                                (no ring)
                                (no ring)

@: not resistant to hostile enchantments, fairly stealthy
A: almost no armour, amphibious, 8 rings, constrict 8, camouflage 1, gelatinous
body 1
a: no special abilities


You were on level 2 of the Dungeon.
You were not hungry.

You visited 1 branch of the dungeon, and saw 2 of its levels.

You collected 120 gold pieces.

Inventory:

Missiles
 a - 66 stones (in tentacle)
 e - 4 tomahawks (quivered)
 g - 10 bolts
 h - 6 steel javelins
 l - 5 tomahawks of dispersal
 n - 2 javelins
Scrolls
 i - a scroll of teleportation {unknown}
Potions
 f - a potion of haste {unknown}
 j - a potion of heal wounds {unknown}
 k - 2 potions of curing {unknown}
 m - a potion of beneficial mutation {unknown}
Books
 b - a book of Geomancy

   Spells                             Type                      Level
   a - Sandblast                      Earth                        1
   b - Stoneskin                      Transmutation/Earth          2
   c - Passwall                       Transmutation/Earth          3
   d - Stone Arrow                    Conjuration/Earth            3
   e - Petrify                        Transmutation/Earth          4
   f - Lee's Rapid Deconstruction     Earth                        5
Comestibles
 c - a bread ration
 d - 3 chunks of flesh
 o - a meat ration


   Skills:
 + Level 2.6 Dodging
 - Level 2.6 Stealth
 + Level 2.5 Spellcasting
 - Level 1.0 Transmutations
 * Level 4.0 Earth Magic


You had 2 spell levels left.
You knew the following spells:

 Your Spells              Type           Power        Failure   Level  Hunger
a - Sandblast             Erth           ###...       3%          1    #......
b - Stone Arrow           Conj/Erth      #.....       24%         3    ###....
A - Stoneskin             Trmt/Erth      ##......     12%         2    ##.....


Dungeon Overview and Level Annotations

Branches:
Dungeon (2/15)

Altars:
Trog

Annotations:
D:2 Natasha, Sigmund, Terence


Innate Abilities, Weirdness & Mutations

You cannot wear most types of armour.
You are amphibious.
You can wear up to eight rings at the same time.
You can use your tentacles to constrict eight enemies at once.
Your skin changes colour to match your surroundings (Stealth).
Your rubbery body absorbs attacks (AC +1).


Message History

Confirm with . or Enter, or press ? or * to list all spells.
Aiming: Sandblast
Press: ? - help, Shift-Dir - straight line, f - Natasha
Aim: Natasha The rocky blast hits Natasha.
Natasha is almost dead.
Casting: Sandblast
Confirm with . or Enter, or press ? or * to list all spells.
Aiming: Sandblast
Press: ? - help, Shift-Dir - straight line, f/p - Natasha
Aim: Natasha (almost dead)
The rocky blast hits Natasha.
You kill Natasha!
Moaning pathetically, Natasha's spirit plunges into the ground.
Your Earth Magic skill increases to level 4!
You have reached level 4!
Natasha, Servant of Life and Death comes into view.
Natasha casts a spell at you. The magic dart hits you!
You die...

#[........# ##### #....#
#.........# #...# #....#
#.........# #...# #....#
#.<.......# ###...###....#
#.........#
#............########..#####
#.#...###.......### #..#
..#....##.........###..# ##
###..h.##.......@......# ####.
###...#..............## #....
#.#...........#.....#####....
#####.##..........##.#.........##
.....................(.l..####.#
........#................†.....#
...##.#.#................#......#
##. #..........h....%....#.......
# ###.#................#.###...


You could see Natasha and a giant newt (wandering).

Vanquished Creatures
  Natasha (D:2)
  A worm (D:2)
  2 giant geckos (D:2)
  5 bats
  4 goblins (D:1)
  5 hobgoblins (D:1)
  A ball python (D:1)
  4 giant cockroaches
  2 giant newts (D:1)
  3 kobolds
  4 rats (D:1)
32 creatures vanquished.

Notes
Turn   | Place    | Note
--------------------------------------------------------------
     0 | D:1      | moxian the Octopode Earth Elementalist began the quest for the Orb.
     0 | D:1      | Reached XP level 1. HP: 11/11 MP: 3/3
   257 | D:1      | Reached XP level 2. HP: 12/17 MP: 3/5
   762 | D:1      | Learned a level 2 spell: Stoneskin
   940 | D:1      | Reached XP level 3. HP: 21/21 MP: 6/6
  1014 | D:2      | Noticed Sigmund
  1052 | D:2      | Noticed Terence
  1259 | D:2      | Learned a level 3 spell: Stone Arrow
  1280 | D:2      | Found a bloodstained altar of Trog.
  1281 | D:2      | Noticed Natasha
  1306 | D:2      | Killed Natasha
  1306 | D:2      | Reached skill level 4 in Earth Magic
  1306 | D:2      | Reached XP level 4. HP: 7/27 MP: 4/7
  1312 | D:2      | Noticed Natasha
  1312 | D:2      | Killed from afar by Natasha

Action                   |  1- 3 |  4- 6 || total
-------------------------+-------+-------++-------
Melee: Unarmed           |    85 |       ||    85
Throw: Tomahawk          |     4 |       ||     4
 Cast: Sandblast         |     8 |     1 ||     9
       Stoneskin         |     1 |       ||     1
 Stab: Sleeping          |     8 |       ||     8
       Distracted        |     1 |       ||     1
  Eat: Chunk             |     1 |       ||     1
